 Dungeon Crawl Stone Soup version 0.19-a0-559-ga3d69d0 (webtiles) character file.

486 Amnesiac the Digger (level 6, -9/32 HPs)
             Began as a Deep Elf Earth Elementalist on June 8, 2016.
             Was a Follower of Sif Muna.
             Mangled by Blork the orc
             ... wielding a +4 war axe of distortion
              (22 damage)
             ... on level 4 of the Dungeon.
             The game lasted 00:05:20 (2757 turns).

Amnesiac the Digger (Deep Elf Earth Elementalist)   Turns: 2757, Time: 00:05:20

Health: -9/32      AC:  4    Str:  5    XL:     6   Next: 89%
Magic:  2/17       EV: 13    Int: 22    God:    Sif Muna [*.....]
Gold:   110        SH:  0    Dex: 15    Spells: 3 memorised, 11 levels left

rFire  . . .     SeeInvis .     b - 9 stones
rCold  . . .     Gourm    .     c - +0 robe
rNeg   . . .     Faith    .     (no shield)
rPois  .         Spirit   .     r - +0 helmet
rElec  .         Dismiss  .     s - +0 cloak
rCorr  .         Reflect  .     (no gloves)
SustAt .         Harm     .     (no boots)
MR     .....                    (no amulet)
Stlth  ++........               (no ring)
                                (no ring)

@: not resistant to hostile enchantments, unstealthy
A: no striking features
a: Channel Energy, Renounce Religion


You were on level 4 of the Dungeon.
You worshipped Sif Muna.
Sif Muna was aware of your devotion.
You were not hungry.

You visited 1 branch of the dungeon, and saw 4 of its levels.

You collected 110 gold pieces.

Inventory:

Hand Weapons
 v - a +0 dagger of venom
Missiles
 b - 9 stones (in hand)
Armour
 c - a +0 robe (worn)
 r - a +0 helmet (worn)
 s - a +0 cloak (worn)
Wands
 p - a wand of flame (34/48)
 A - a wand of random effects (48/48)
Scrolls
 a - 4 scrolls of identify
 y - a scroll of blinking {unknown}
 B - a scroll of enchant armour {unknown}
Potions
 f - a potion of brilliance {unknown}
 g - 2 potions of mutation {unknown}
 h - 2 potions of degeneration {unknown}
 i - a potion of lignification {unknown}
 l - 2 potions of heal wounds {unknown}
 m - a potion of ambrosia {unknown}
 o - 2 potions of curing {unknown}
 q - a potion of agility {unknown}
 u - a potion of cancellation {unknown}
 x - a potion of flight {unknown}
 z - a potion of magic
Books
 e - a book of Geomancy

   Spells                             Type                      Level
   a - Sandblast                      Earth                        1
   b - Passwall                       Transmutation/Earth          2
   c - Stone Arrow                    Conjuration/Earth            3
   d - Petrify                        Transmutation/Earth          4
   e - Lee's Rapid Deconstruction     Earth                        5
Comestibles
 d - 4 bread rations
 j - a meat ration
 t - 3 fruits


   Skills:
 - Level 2.4 Dodging
 - Level 2.4 Stealth
 + Level 6.0 Spellcasting
 - Level 1.1 Transmutations
 * Level 6.1 Earth Magic
 + Level 3.8 Invocations


You had 11 spell levels left.
You knew the following spells:

 Your Spells              Type           Power        Failure   Level  Hunger
f - Stone Arrow           Conj/Erth      ###...       10%         3    #......
v - Passwall              Tmut/Erth      ###.......   3%          2    None
z - Sandblast             Erth           ####..       1%          1    None


Dungeon Overview and Level Annotations

Branches:
Dungeon (4/15)
 Temple: D:4-7

Altars:
Elyvilon
Sif Muna
Zin
The Shining One

Annotations:
D:4 Blork the orc


Message History

The rocky blast hits the orc.
You kill the orc!
Casting: Sandblast
Confirm with . or Enter, or press ? or * to list all spells.
Aiming: Sandblast
Press: ? - help, Shift-Dir - straight line, f - Blork the orc
Aim: Blork the orc, wielding a war axe of distortion and wearing a robe The rocky blast hits Blork the orc.
Blork the orc is lightly wounded.
Casting: Sandblast
Confirm with . or Enter, or press ? or * to list all spells.
Aiming: Sandblast
Press: ? - help, Shift-Dir - straight line, f/p - Blork the orc
Aim: Blork the orc, wielding a war axe of distortion and wearing a robe (lightly wounded)
The rocky blast hits Blork the orc.
Blork the orc is almost dead.
Blork the orc hits you with a war axe of distortion!
Space warps horribly around you!
Ouch! That really hurt!
You die...

**,,,** **,,,,,,,**,,,,,,,,,*
**,,,****,,,,,,,,,****,,,**,**
*,,,,,,,+,,,,,,,,,+,,,,,,,,,,,
*,,,,,***,,,,,,,,,****,,,,*,**
**,*,*,* **,,,,,,,** **,,,,,*
*,,,,*,* **,,,,,** ***,,**
*,,***,* **,,,** *,,,**
*,,,,,,* *#+#* ***,≈* *,******
#@# *≈≈≈* #.* #o# *≈,**
**#.###* #####Z## **≈*
,,,....*
#......#####******≈≈**
***,#..#*
#.#..........≈≈≈**,≈≈≈
,,,,,...#
#o##....####.,≈≈≈,,≈≈≈
***+**#.####.......#
**≈*≈≈*≈≈≈* * *,*
#......o##.### ******,,≈*
*##.###..###.###.# *≈≈**


You could see Blork the orc and a quokka skeleton.

Vanquished Creatures
  Sigmund (D:4)
  Crazy Yiuf (D:2)
  An orc priest (D:4)
  Natasha (thrice) (D:3)
  A worker ant (D:4)
  Robin (D:2)
  A gnoll (D:4)
  4 adders
  2 worms (D:2)
  3 dart slugs
  A giant gecko (D:2)
  4 orcs (D:4)
  12 bats
  5 giant cockroaches
  15 goblins
  13 hobgoblins
  5 jackals
  10 kobolds
  A quokka (D:2)
  2 giant newts
  12 rats
98 creatures vanquished.

Notes
Turn   | Place    | Note
--------------------------------------------------------------
     0 | D:1      | Amnesiac the Deep Elf Earth Elementalist began the quest for the Orb.
     0 | D:1      | Reached XP level 1. HP: 10/10 MP: 6/6
   221 | D:2      | Found a glowing golden altar of the Shining One.
   224 | D:2      | Reached XP level 2. HP: 14/15 MP: 4/8
   227 | D:2      | Found a deep blue altar of Sif Muna.
   237 | D:2      | Became a worshipper of Sif Muna the Loreminder
   490 | D:1      | Reached XP level 3. HP: 19/19 MP: 8/10
   496 | D:1      | Learned a level 3 spell: Stone Arrow
  1223 | D:1      | Learned a level 2 spell: Passwall
  1349 | D:2      | Noticed Robin
  1365 | D:2      | Killed Robin
  1366 | D:2      | Reached XP level 4. HP: 16/24 MP: 3/12
  1598 | D:2      | Noticed Crazy Yiuf
  1603 | D:2      | Killed Crazy Yiuf
  1603 | D:2      | Reached skill level 5 in Spellcasting
  1703 | D:2      | Reached skill level 5 in Earth Magic
  1971 | D:3      | Reached XP level 5. HP: 28/28 MP: 7/14
  1972 | D:3      | Found a white marble altar of Elyvilon.
  2131 | D:3      | Noticed Natasha
  2134 | D:3      | Killed Natasha
  2134 | D:3      | Reached * piety under Sif Muna
  2147 | D:3      | Noticed Natasha
  2151 | D:3      | Killed Natasha
  2151 | D:3      | Reached skill level 1 in Invocations
  2265 | D:3      | Noticed Natasha
  2269 | D:3      | Killed Natasha
  2700 | D:4      | Noticed Sigmund
  2712 | D:4      | Reached XP level 6. HP: 32/32 MP: 10/16
  2718 | D:4      | Killed Sigmund
  2736 | D:4      | Found a glowing silver altar of Zin.
  2747 | D:4      | Noticed Blork the orc
  2757 | D:4      | Mangled by Blork the orc

Vault maps used:
D:1:      dpeg_arrival_brainrot
D:2:      wad_pebble_path, gammafunk_temple_overflow_pools, first_bread,
          uniq_crazy_yiuf_cottage, uniq_robin
D:3:      elyvilon_altar_5, uniq_natasha
D:4:      lemuel_castle_with_subvaults, kennysheep_mini_moat,
          lemuel_doored_altar, enter_ossuary_3, serial_bayou_crossing,
          uniq_blork_the_orc, uniq_sigmund

Skill      XL: |  1  2  3  4  5  6 |
---------------+-------------------+-----
Earth Magic    | 4 5 6 |  6.1
Spellcasting   | 4 5 6 |  6.0
Invocations    | 3 |  3.8
Dodging        | |  2.4
Stealth        | |  2.4
Transmutations | |  1.1

Action                   |  1- 3 |  4- 6 || total
-------------------------+-------+-------++-------
 Cast: Sandblast         |    52 |    83 ||   135
       Passwall          |     2 |     2 ||     4
       Stone Arrow       |       |     1 ||     1
  Use: Scroll            |       |     5 ||     5
  Eat: Chunk             |     1 |     4 ||     5
Armor: Robe              |     1 |     6 ||     7
Dodge: Dodged            |    18 |     6 ||    24
